 Dungeon Crawl Stone Soup version 0.30.0-29-ga12c61a403 (webtiles) character file.

Game seed: 7640577502318792507

84844 qw the Peltast (level 15, -1/95 HPs)
             Began as a Gargoyle Fighter on June 3, 2023.
             Was an Elder of Okawaru.
             Slain by an orc warlord
             ... wielding a +1 great mace of protection
              (33 damage)
             ... on level 2 of the Orcish Mines.
             The game lasted 00:12:35 (20564 turns).

qw the Peltast (Gargoyle Fighter)                  Turns: 20564, Time: 00:12:36

Health: -1/95      AC: 58    Str: 31    XL:     15   Next: 81%
Magic:  13/13      EV: 15    Int: 10    God:    Okawaru [****..]
Gold:   738        SH: 23    Dex: 19    Spells: 14/14 levels left

rFire   . . .        Y - +3 broad axe (protect)
rCold   + + .        e - +0 tower shield
rNeg    + . .        v - +12 chain mail of the True Pharaoh {Int+3}
rPois   inf          D - +2 helmet
rElec   +            o - +0 cloak
rCorr   .            p - +2 pair of gloves
SInv    .            c - +0 pair of boots "Jiycoot" {*Corrode *Slow rC++ Slay+4}
Will    +....        i - amulet of regeneration
Stlth   +            t - ring "Paludane" {rPois MP-9 Str+6 Int-2 Dex+6}
HPRegen 1.15/turn    x - +4 ring of protection
MPRegen 0.13/turn

%: corrode self (3%), slow self (1%)
@: about to teleport, heroic, under a protective aura, flying
A: sickness immunity, AC +11, big wings, negative energy resistance 1,
electricity resistance, torment resistance 1, petrification resistance, agile 1
a: Renounce Religion, Heroism, Finesse


You were on level 2 of the Orcish Mines.
You worshipped Okawaru.
Okawaru was greatly pleased with you.
You visited 4 branches of the dungeon, and saw 23 of its levels.
You also visited: Sewer.

You collected 1701 gold pieces.
You spent 963 gold pieces at shops.


Innate Abilities, Weirdness & Mutations

You are immune to sickness and miasma.
Your stone body is resilient. (AC +11)
You are immune to poison.
Your large and strong wings let you fly.
You resist negative energy. (rN+)
You are resistant to electric shocks. (rElec)
You are resistant to unholy torment.
You are immune to petrification.
You are agile. (Dex +4, Str/Int -1)


   Skills:
 + Level 11.2(16.2) Fighting
 - Level 15.0(20.0) Axes
 - Level 4.9(9.9) Throwing
 - Level 10.0(15.0) Armour
 - Level 5.0(10.0) Dodging
 - Level 16.0(21.0) Shields
 - Level 10.0 Invocations


You had 14 spell levels left.
You didn't know any spells.
Your spell library was empty.

Inventory:

Hand Weapons
 E - a +0 morningstar
 Y - a +3 broad axe of protection (weapon)
Missiles
 n - 4 boomerangs (quivered)
Armour
 c - the +0 pair of boots "Jiycoot" (worn) {*Corrode *Slow rC++ Slay+4}
   (You found it on level 7 of the Dungeon)

   Slay:      It affects your accuracy & damage with ranged weapons and melee
   (+4).
   rC:        It greatly protects you from cold.
   *Corrode:  It may corrode you when you take damage.
   *Slow:     It may slow you when you take damage.
 e - a +0 tower shield (worn)
 o - a +0 cloak (worn)
 p - a +2 pair of gloves (worn)
 v - the +12 chain mail of the True Pharaoh (worn) {Int+3}
   (You bought it in a shop on level 8 of the Dungeon)

   Int:       It affects your intelligence (+3).
 w - +0 acid dragon scales
 y - a +3 plate armour of fire resistance
 B - the +0 pair of boots of Valour {Int+3 Dex+4}
   (Okawaru gifted it to you on level 13 of the Dungeon)

   Int:       It affects your intelligence (+3).
   Dex:       It affects your dexterity (+4).
 D - a +2 helmet (worn)
Jewellery
 i - an amulet of regeneration (around neck)
 t - the ring "Paludane" (left hand) {rPois MP-9 Str+6 Int-2 Dex+6}
   (You acquired it on level 11 of the Dungeon)

   [ring of dexterity]

   Str:       It affects your strength (+6).
   Int:       It affects your intelligence (-2).
   Dex:       It affects your dexterity (+6).
   rPois:     It protects you from poison.
   MP:        It affects your magic capacity (-9).
 x - a +4 ring of protection (right hand)
 z - a ring of protection from fire
 A - a ring of ice
 C - a ring of ice
Wands
 u - a wand of digging (6)
Scrolls
 f - 4 scrolls of teleportation
 l - 12 scrolls of identify
Potions
 a - 3 potions of mutation
 b - 2 potions of cancellation
 d - 6 potions of might
 g - 5 potions of heal wounds
 h - 14 potions of curing
 j - 8 potions of haste
 k - 9 potions of attraction
 m - a potion of resistance
 q - 6 potions of lignification

Dungeon Overview and Level Annotations

Branches:
Dungeon (15/15)            Temple (1/1) D:6            Lair (5/5) D:11
 Shoals (0/4) Lair:2       Spider (0/4) Lair:3        Slime (0/5) Lair:5
    Orc (2/2) D:9             Elf (0/3) Orc:2        Vaults (0/5) D:13
 Depths (0/4) D:15          Sewer (visited)

Altars:
Ashenzari
Cheibriados
Dithmenos
Elyvilon
Fedhas
Gozag
Hepliaklqana
Kikubaaqudgha
Makhleb
Nemelex Xobeh
Okawaru
Qazlal
Ru
Sif Muna
Trog
Uskayaw
Vehumet
Wu Jian
Xom
Yredelemnul
Zin
The Shining One
Jiyva

Shops:
D:4 *   D:8 [   D:9 *   D:13 *

Portals:
Trove: D:11 (give 11 potions of heal wounds)

Annotations:
D:7 3 runed translucent doors, qw's ghost, novice GrFi


Message History

Enter note:
Enter note:
20562 ||| READING 5 scrolls of teleportation.
As you read the scroll of teleportation, it crumbles to dust.
You feel strangely unstable.
You hear a shout!
The orc priest begins to cast a cantrip, but forgets the words!
The orc knight roars a battlecry!
The orc warrior closely misses you. x2; You block the orc warlord's attack.
An orc comes into view. It is wielding a +0 club.
20563 ||| DRINKING 6 potions of heal wounds.
You feel much better.
The orc shouts!
The orc high priest no longer looks unusually strong.
The orc wizard no longer looks unusually strong.
The orc knight no longer looks unusually strong.
The orc warlord roars a battlecry!
The orcs go into a battle-frenzy!
You block the orc warrior's attack. x2
The orc knight hits you but does no damage.
The orc warrior misses you.
An orc comes into view. It is wielding a +0 club.
You barely miss the orc warlord.
The orc warlord is severely wounded.
You slice the orc knight!!
You kill the orc knight!
Okawaru accepts your kill.
The orc no longer looks unusually strong.
The orc priest no longer looks unusually strong.
The orc warrior unwields a +0 halberd.
The orc warrior wields a +0 arbalest.
The orc warrior shoots a bolt.
The bolt hits you but does no damage. You block the orc warrior's attack.
The orc wizard gestures wildly while chanting.
The orc wizard flickers and vanishes!
The orc warrior unwields a +4 halberd.
The orc warrior wields a +0 arbalest.
The orc warrior shoots a bolt.
You block the bolt.
The orc high priest calls down the wrath of Beogh upon you.
Beogh smites you!
The orc warlord hits you with a +1 great mace of protection!!
You die...

###............## #.## ....#
##...##########..##...## ....
##..### # ##)#.....# .... #..##
#. #..# ##... #..# #o. ####.##
### .... #.##
'###o##8.#..###.## #... #.#
.oo(oo...'.8.....####[). #.#
.o8{oo)o.)........##<.). #.#
oo{ooo)@)).8.........[[. #.##
'###o##8.#..#..#..)[.... #..#
####.#####..)..... #..## #..#
##........ ##..###
##.#####.........
##...##########..##.##.........
###............##....#........
###############.....#.......
###..#.#........


You could see an orc warlord (strong), an orc high priest (strong), 5 orc
warriors, an orc priest and 8 orcs.

Vanquished Creatures
  Donald (Orc:2)
  An ice dragon (D:13)
  5 vault guards (D:13)
  4 hydras
  3 boulder beetles
  6 centaur warriors
  3 tengu warriors
  3 two-headed ogres
  An orc high priest (Orc:2)
  A skyshark (shapeshifter) (D:14)
  3 skysharks (Lair:5)
  3 wizards
  2 deep elf zephyrmancers (D:15)
  3 orc knights
  A necromancer (D:15)
  5 deep elf pyromancers
  A will-o-the-wisp (D:15)
  2 orc sorcerers
  3 manticores
  8 ugly things
  8 centaur zombies
  8 cyclopes
  3 black mambas (Lair:5)
  5 elephants
  17 cane toads
  4 gargoyles
  4 unseen horrors
  3 rime drakes
  2 kobold demonologists (D:12)
  An efreet (D:15)
  A yaktaur (D:13)
  2 tengu conjurers
  10 komodo dragons
  2 polar bears
  7 trolls
  2 tyrant leeches (Lair:5)
  17 dream sheep
  A wind drake (shapeshifter) (D:14)
  A hornet (D:11)
  30 blink frogs
  A raiju (shapeshifter) (D:15)
  Grinder (D:3)
  22 slime creatures
  3 culicivoras (Lair:3)
  A water elemental (D:14)
  6 wyverns
  4 shadows
  A human (D:13)
  A basilisk (Lair:1)
  4 wraiths
  33 yaks
  Grum (D:11)
  2 steam dragons (D:9)
  12 vampire mosquitoes
  Menkaure (D:6)
  3 wargs (Orc:2)
  Edmund (D:6)
  2 acid dragons
  11 water moccasins
  Pargi (Sewer)
  3 black bears
  18 orc warriors
  6 ice beasts
  An ogre (shapeshifter) (D:14)
  17 wolves
  2 centaurs
  5 ogres
  2 phantoms
  5 kobold brigands
  5 necrophages (D:10)
  15 bullfrogs
  6 scorpions
  6 wights
  2 howler monkeys
  An electric eel (Lair:5)
  3 hounds
  A jelly (D:7)
  A human zombie (D:10)
  10 orc priests
  3 sleepcaps
  A boggart zombie (D:15)
  4 iguanas
  Ijyb (D:3)
  15 orc wizards
  8 gnolls
  7 adders
  3 river rats (D:5)
  2 white imps
  2 worms
  2 dart slugs
  74 orcs
  10 ball pythons
  7 endoplasms
  4 giant cockroaches
  30 goblins
  34 hobgoblins
  3 jackals (Sewer)
  2 quokkas
  6 bats (D:3)
  4 frilled lizards
  25 kobolds
  9 rats
663 creatures vanquished.

Vanquished Creatures (others)
  14 foxfires (D:15)
14 creatures vanquished.

Grand Total: 677 creatures vanquished

Notes
Turn   | Place    | Note
-------+----------+-------------------------------------------
     0 | D:1      | qw the Gargoyle Fighter began the quest for the Orb.
     0 | D:1      | Reached XP level 1. HP: 14/14 MP: 1/1
     0 | D:1      | 0 ||| qw: Version: 0.2-a-103-g5a998e5
     0 | D:1      | 0 ||| qw: Game counter: 985
     0 | D:1      | 0 ||| qw: Always use a shield: true
     0 | D:1      | 0 ||| qw: God list: Okawaru
     0 | D:1      | 0 ||| qw: Allow faded altars: false
     0 | D:1      | 0 ||| qw: Do Orc after D:15 true
     0 | D:1      | 0 ||| qw: Do second Lair branch before Depths: true
     0 | D:1      | 0 ||| qw: Lair rune preference: random
     0 | D:1      | 0 ||| qw: Plans: Normal, Zot:1-4, Slime:5, God:TSO, Crypt,
                  | Tomb, Pan, Hells, Abyss, Win
     0 | D:1      | 0 ||| PLANNING D:1-11
   211 | D:1      | Reached XP level 2. HP: 19/19 MP: 2/2
   290 | D:1      | 290 ||| Stepping ~*~*~tactically~*~*~ (stealth).
   291 | D:1      | 291 ||| Stepping ~*~*~tactically~*~*~ (stealth).
   299 | D:1      | Reached skill level 3 in Axes
   354 | D:1      | Reached XP level 3. HP: 19/23 MP: 3/3
   955 | D:1      | 955 ||| UPGRADING to +0 kite shield.
   965 | D:1      | 965 ||| DROPPING +0 buckler.
   966 | D:1      | 966 ||| READING scroll labelled NIOXZI KAIDEDICHO.
  1095 | D:2      | Reached skill level 4 in Shields
  1095 | D:2      | Reached XP level 4. HP: 24/28 MP: 4/4
  1230 | D:2      | Found a faded altar of an unknown god.
  1248 | D:2      | 1248 ||| Stepping ~*~*~tactically~*~*~ (hiding).
  1381 | D:2      | 1381 ||| READING scroll labelled ATAQAN RAUNT.
  1442 | D:2      | 1442 ||| Stepping ~*~*~tactically~*~*~ (stealth).
  1443 | D:2      | 1443 ||| Stepping ~*~*~tactically~*~*~ (stealth).
  1477 | D:2      | 1477 ||| DROPPING +0 club.
  1587 | D:2      | 1587 ||| UPGRADING to amulet of guardian spirit.
  1592 | D:2      | 1592 ||| DRINKING 2 black potions.
  1592 | D:2      | Gained mutation: You are agile. (Dex +4, Str/Int -1)
                  | [potion of mutation]
  1593 | D:2      | 1593 ||| DRINKING 2 brown potions.
  1599 | D:2      | 1599 ||| DROPPING potion of ambrosia.
  1611 | D:3      | 1611 ||| Stepping ~*~*~tactically~*~*~ (stealth).
  1634 | D:3      | Noticed Grinder
  1635 | D:3      | 1635 ||| Stepping ~*~*~tactically~*~*~ (hiding).
  1638 | D:3      | 1638 ||| Stepping ~*~*~tactically~*~*~ (hiding).
  1653 | D:3      | Killed Grinder
  1654 | D:3      | Reached XP level 5. HP: 20/32 MP: 3/5
  1654 | D:3      | Reached XP level 6. HP: 24/37 MP: 3/6
  1690 | D:3      | 1690 ||| Stepping ~*~*~tactically~*~*~ (stealth).
  1738 | D:3      | 1738 ||| Stepping ~*~*~tactically~*~*~ (stealth).
  1791 | D:3      | 1791 ||| Stepping ~*~*~tactically~*~*~ (hiding).
  1794 | D:3      | 1794 ||| Stepping ~*~*~tactically~*~*~ (hiding).
  1912 | D:3      | 1912 ||| DROPPING +0 whip.
  1914 | D:3      | Found a sparkling altar of Nemelex Xobeh.
  1914 | D:3      | Noticed Ijyb
  1917 | D:3      | Reached skill level 1 in Dodging
  1923 | D:3      | Killed Ijyb
  2070 | D:3      | Reached skill level 5 in Shields
  2411 | D:3      | Reached XP level 7. HP: 41/41 MP: 7/7
  2457 | D:3      | 2457 ||| Stepping ~*~*~tactically~*~*~ (stealth).
  2530 | D:3      | 2530 ||| Stepping ~*~*~tactically~*~*~ (stealth).
  2532 | D:3      | 2532 ||| Stepping ~*~*~tactically~*~*~ (stealth).
  2575 | D:3      | 2575 ||| Stepping ~*~*~tactically~*~*~ (stealth).
  2601 | D:3      | Identified the +7 whip of Disharmony {flame, rN+ Will+}
  2616 | D:3      | 2616 ||| FLEEEEING.
  2617 | D:3      | 2617 ||| FLEEEEING.
  2618 | D:3      | 2618 ||| FLEEEEING.
  2619 | D:3      | 2619 ||| FLEEEEING.
  2620 | D:3      | 2620 ||| FLEEEEING.
  2621 | D:3      | 2621 ||| FLEEEEING.
  2622 | D:3      | 2622 ||| FLEEEEING.
  2623 | D:3      | 2623 ||| FLEEEEING.
  2624 | D:3      | 2624 ||| FLEEEEING.
  2625 | D:3      | 2625 ||| FLEEEEING.
  2626 | D:3      | 2626 ||| FLEEEEING.
  2627 | D:3      | 2627 ||| FLEEEEING.
  2628 | D:3      | 2628 ||| FLEEEEING.
  2629 | D:3      | 2629 ||| FLEEEEING.
  2630 | D:3      | 2630 ||| FLEEEEING.
  2631 | D:3      | 2631 ||| FLEEEEING.
  2632 | D:3      | 2632 ||| FLEEEEING.
  2633 | D:3      | 2633 ||| FLEEEEING.
  2722 | D:3      | 2722 ||| Stepping ~*~*~tactically~*~*~ (hiding).
  2969 | D:3      | Found a glowing silver altar of Zin.
  3178 | D:3      | 3178 ||| READING scroll labelled BERPHU MIOWKECI.
  3279 | D:3      | 3279 ||| DRINKING 2 pink potions.
  3280 | D:3      | 3280 ||| DRINKING 2 inky potions.
  3281 | D:3      | 3281 ||| DROPPING potion of brilliance.
  3307 | D:4      | Found Camuh's General Store.
  3310 | D:4      | 3310 ||| BUYING potion of curing (39 gold).
  3310 | D:4      | Bought a potion of curing for 39 gold pieces
  3310 | D:4      | 3310 ||| BUYING scroll of teleportation (39 gold).
  3310 | D:4      | Bought a scroll of teleportation for 39 gold pieces
  3318 | D:4      | 3318 ||| Stepping ~*~*~tactically~*~*~ (hiding).
  3319 | D:4      | 3319 ||| Stepping ~*~*~tactically~*~*~ (hiding).
  3421 | D:4      | 3421 ||| FLEEEEING.
  3536 | D:4      | Reached skill level 6 in Axes
  3950 | D:4      | 3950 ||| Stepping ~*~*~tactically~*~*~ (stealth).
  3953 | D:4      | 3953 ||| Stepping ~*~*~tactically~*~*~ (hiding).
  3969 | D:4      | Reached skill level 6 in Shields
  4126 | D:4      | Found a sacrificial altar of Ru.
  4127 | D:4      | 4127 ||| Stepping ~*~*~tactically~*~*~ (stealth).
  4192 | D:4      | 4192 ||| UPGRADING to +1 pair of gloves.
  4197 | D:4      | 4197 ||| UPGRADING to +0 helmet.
  4202 | D:4      | 4202 ||| READING 3 scrolls labelled POLOON CIDOFU.
  4203 | D:4      | 4203 ||| READING scroll labelled LOAMAPLAXO.
  4204 | D:4      | 4204 ||| READING scroll labelled NAJ BE MUVUA.
  4205 | D:4      | 4205 ||| READING 2 scrolls of identify.
  4205 | D:4      | 4205 ||| IDENTIFYING glowing emerald potion
  4206 | D:4      | 4206 ||| DROPPING potion of flight.
  4230 | D:5      | Entered Level 5 of the Dungeon
  4231 | D:5      | 4231 ||| PLANNING SEWER
  4324 | D:5      | Found a shimmering altar of Xom.
  4341 | D:5      | 4341 ||| Stepping ~*~*~tactically~*~*~ (stealth).
  4418 | D:5      | 4418 ||| Stepping ~*~*~tactically~*~*~ (stealth).
  4428 | D:5      | 4428 ||| Stepping ~*~*~tactically~*~*~ (stealth).
  4436 | D:5      | Reached XP level 8. HP: 48/48 MP: 8/8
  4475 | D:5      | Noticed a troll
  4490 | D:5      | Killed a troll
  4594 | D:5      | 4594 ||| Stepping ~*~*~tactically~*~*~ (stealth).
  4759 | D:5      | 4759 ||| Stepping ~*~*~tactically~*~*~ (stealth).
  4764 | D:5      | 4764 ||| Stepping ~*~*~tactically~*~*~ (stealth).
  4765 | D:5      | 4765 ||| Stepping ~*~*~tactically~*~*~ (stealth).
  4778 | D:5      | 4778 ||| Stepping ~*~*~tactically~*~*~ (stealth).
  4789 | D:5      | Found a glowing drain.
  4790 | D:5      | 4790 ||| UPGRADING to +0 chain mail.
  4800 | D:5      | 4800 ||| DROPPING +0 scale mail.
  4801 | D:5      | 4801 ||| DRINKING 2 fizzy clear potions.
  4802 | D:5      | 4802 ||| READING 2 scrolls of identify.
  4802 | D:5      | 4802 ||| IDENTIFYING fuming purple potion
  4803 | D:5      | 4803 ||| DROPPING potion of degeneration.
  4812 | Sewer    | Entered a sewer
  4817 | Sewer    | 4817 ||| Stepping ~*~*~tactically~*~*~ (water).
  4865 | Sewer    | Noticed Pargi
  4878 | Sewer    | Killed Pargi
  4924 | Sewer    | 4924 ||| READING scroll labelled TEQIJY OJESECI.
  4942 | D:5      | 4942 ||| PLANNING D:1-11
  5284 | D:5      | 5284 ||| UPGRADING to +0 cloak.
  5289 | D:5      | 5289 ||| READING scroll labelled EDUXIR ZAOPUFU.
  5363 | D:6      | 5363 ||| READING scroll of brand weapon.
  5363 | D:6      | 5363 ||| BRANDING +0 war axe of electrocution.
  5439 | D:6      | Reached skill level 7 in Shields
  5439 | D:6      | Noticed Edmund
  5461 | D:6      | Killed Edmund
  5549 | D:6      | 5549 ||| DROPPING +0 flail.
  5552 | D:6      | Found a staircase to the Ecumenical Temple.
  5554 | D:6      | 5554 ||| PLANNING TEMPLE
  5562 | Temple   | Entered the Ecumenical Temple
  5619 | Temple   | 5619 ||| PLANNING OKAWARU WORSHIP
  5679 | Temple   | Became a worshipper of Warmaster Okawaru
  5679 | Temple   | 5679 ||| PLANNING D:1-11
  5680 | Temple   | 5680 ||| REMOVING amulet of guardian spirit.
  5685 | Temple   | 5685 ||| DROPPING amulet of guardian spirit.
  5725 | D:6      | Reached XP level 9. HP: 50/54 MP: 9/9
  5763 | D:6      | Found a snail-covered altar of Cheibriados.
  5763 | D:6      | Found a basalt altar of Yredelemnul.
  5778 | D:6      | Noticed Menkaure
  5785 | D:6      | Killed Menkaure
  5852 | D:6      | 5852 ||| Stepping ~*~*~tactically~*~*~ (stealth).
  5853 | D:6      | 5853 ||| Stepping ~*~*~tactically~*~*~ (stealth).
  5905 | D:6      | Reached skill level 6 in Fighting
  6112 | D:6      | Reached skill level 1 in Throwing
  6410 | D:6      | 6410 ||| READING 3 scrolls labelled IROANO PAAJ.
  6411 | D:6      | 6411 ||| READING scroll labelled NERUCKE YXASCH.
  6412 | D:6      | 6412 ||| DRINKING 3 fuming pink potions.
  6436 | D:6      | 6436 ||| DROPPING 2 scrolls of noise.
  6469 | D:7      | Identified the +0 pair of boots "Jiycoot" {*Corrode *Slow
                  | rC++ Slay+4}
  6572 | D:7      | 6572 ||| Stepping ~*~*~tactically~*~*~ (hiding).
  6573 | D:7      | 6573 ||| Stepping ~*~*~tactically~*~*~ (hiding).
  6703 | D:7      | Reached skill level 8 in Shields
  6728 | D:7      | 6728 ||| Stepping ~*~*~tactically~*~*~ (hiding).
  6729 | D:7      | 6729 ||| SWAPPING to +0 broad axe.
  6770 | D:7      | 6770 ||| DROPPING +0 war axe of protection.
  6789 | D:7      | Reached * piety under Okawaru
  6798 | D:7      | 6798 ||| INVOKING Heroism.
  7002 | D:7      | Noticed qw's ghost (novice GrFi)
  7039 | D:7      | Reached skill level 1 in Invocations
  7125 | D:7      | Found a runed translucent gate.
  7125 | D:7      | Found a runed translucent gate.
  7125 | D:7      | Found a runed translucent gate.
  7385 | D:7      | Found a bloodstained altar of Trog.
  7446 | D:7      | 7446 ||| UPGRADING to +0 pair of boots "Jiycoot" {*Corrode
                  | *Slow rC++ Slay+4}.
  7505 | D:8      | Found Qicriu's Antique Armour Boutique.
  7515 | D:8      | 7515 ||| BUYING ancient chain mail (237 gold).
  7515 | D:8      | Bought an ancient chain mail for 237 gold pieces
  7515 | D:8      | Identified the +12 chain mail of the True Pharaoh {Int+3}
                  | (You bought it in a shop on level 8 of the Dungeon)
  7515 | D:8      | 7515 ||| SHOPLISTING glowing scarf (200 gold, have 160).
  7579 | D:8      | 7579 ||| Stepping ~*~*~tactically~*~*~ (hiding).
  7580 | D:8      | 7580 ||| Stepping ~*~*~tactically~*~*~ (hiding).
  7616 | D:8      | Reached skill level 9 in Axes
  7616 | D:8      | Reached skill level 3 in Invocations
  7617 | D:8      | 7617 ||| Stepping ~*~*~tactically~*~*~ (hiding).
  7622 | D:8      | Reached XP level 10. HP: 47/60 MP: 12/12
  7674 | D:8      | 7674 ||| Stepping ~*~*~tactically~*~*~ (hiding).
  7885 | D:8      | Found a flagged portal.
  7890 | D:8      | Identified the +8 spear of Tidesmirch {heavy, Int+4}
  8030 | D:8      | 8030 ||| Stepping ~*~*~tactically~*~*~ (hiding).
  8041 | D:8      | 8041 ||| Stepping ~*~*~tactically~*~*~ (stealth).
  8045 | D:8      | 8045 ||| Stepping ~*~*~tactically~*~*~ (stealth).
  8067 | D:8      | 8067 ||| Stepping ~*~*~tactically~*~*~ (hiding).
  8077 | D:8      | 8077 ||| Stepping ~*~*~tactically~*~*~ (stealth).
  8078 | D:8      | 8078 ||| Stepping ~*~*~tactically~*~*~ (stealth).
  8152 | D:8      | Reached ** piety under Okawaru
  8415 | D:8      | 8415 ||| UPGRADING to +12 chain mail of the True Pharaoh
                  | {Int+3}.
  8425 | D:8      | 8425 ||| DROPPING +0 chain mail.
  8426 | D:8      | 8426 ||| READING scroll labelled TANWAPS QUOCHYPTE.
  8427 | D:8      | 8427 ||| READING scroll labelled WUEPHE FOPO.
  8428 | D:8      | 8428 ||| DRINKING 3 glowing clear potions.
  8429 | D:8      | 8429 ||| READING 2 scrolls of identify.
  8429 | D:8      | 8429 ||| IDENTIFYING lumpy grey potion
  8430 | D:8      | 8430 ||| DROPPING potion of invisibility.
  8498 | D:9      | 8498 ||| INVOKING Heroism.
  8508 | D:9      | 8508 ||| Stepping ~*~*~tactically~*~*~ (cloud).
  8533 | D:9      | 8533 ||| INVOKING Heroism.
  8719 | D:9      | Found Vaystuc's Mass Market.
  8723 | D:9      | 8723 ||| SHOPLISTING +0 plate armour "Nytosuk" {rF+ rC+
                  | Str+3 Int+4} (704 gold, have 240).
  8723 | D:9      | 8723 ||| BUYING +0 tower shield (54 gold).
  8723 | D:9      | Bought a +0 tower shield for 54 gold pieces
  8723 | D:9      | 8723 ||| SHOPLISTING +2 plate armour of fire resistance
                  | (480 gold, have 186).
  8730 | D:9      | 8730 ||| Stepping ~*~*~tactically~*~*~ (stealth).
  8742 | D:9      | Reached skill level 6 in Armour
  8815 | D:9      | 8815 ||| INVOKING Heroism.
  8818 | D:9      | 8818 ||| Stepping ~*~*~tactically~*~*~ (cloud).
  8827 | D:9      | Reached skill level 9 in Shields
  8954 | D:9      | Reached *** piety under Okawaru
  9036 | D:9      | 9036 ||| Stepping ~*~*~tactically~*~*~ (hiding).
  9037 | D:9      | 9037 ||| Stepping ~*~*~tactically~*~*~ (hiding).
  9039 | D:9      | 9039 ||| INVOKING Heroism.
  9041 | D:9      | 9041 ||| Stepping ~*~*~tactically~*~*~ (hiding).
  9042 | D:9      | 9042 ||| Stepping ~*~*~tactically~*~*~ (hiding).
  9068 | D:9      | 9068 ||| INVOKING Heroism.
  9097 | D:9      | 9097 ||| FLEEEEING.
  9098 | D:9      | 9098 ||| FLEEEEING.
  9099 | D:9      | 9099 ||| FLEEEEING.
  9100 | D:9      | 9100 ||| FLEEEEING.
  9101 | D:9      | 9101 ||| FLEEEEING.
  9102 | D:9      | 9102 ||| FLEEEEING.
  9104 | D:9      | 9104 ||| FLEEEEING.
  9105 | D:9      | 9105 ||| FLEEEEING.
  9106 | D:9      | 9106 ||| FLEEEEING.
  9107 | D:9      | 9107 ||| FLEEEEING.
  9108 | D:9      | 9108 ||| FLEEEEING.
  9109 | D:9      | 9109 ||| FLEEEEING.
  9110 | D:9      | 9110 ||| FLEEEEING.
  9111 | D:9      | 9111 ||| FLEEEEING.
  9112 | D:9      | 9112 ||| FLEEEEING.
  9113 | D:9      | 9113 ||| FLEEEEING.
  9114 | D:9      | 9114 ||| FLEEEEING.
  9115 | D:9      | 9115 ||| FLEEEEING.
  9116 | D:9      | 9116 ||| FLEEEEING.
  9117 | D:9      | 9117 ||| FLEEEEING.
  9118 | D:9      | 9118 ||| FLEEEEING.
  9119 | D:9      | 9119 ||| FLEEEEING.
  9120 | D:9      | 9120 ||| FLEEEEING.
  9121 | D:9      | 9121 ||| FLEEEEING.
  9122 | D:9      | 9122 ||| FLEEEEING.
  9180 | D:9      | 9180 ||| Stepping ~*~*~tactically~*~*~ (stealth).
  9185 | D:9      | 9185 ||| INVOKING Heroism.
  9197 | D:9      | Reached XP level 11. HP: 64/68 MP: 12/14
  9240 | D:9      | Found a staircase to the Orcish Mines.
  9383 | D:9      | 9383 ||| UPGRADING to +0 tower shield.
  9393 | D:9      | 9393 ||| DROPPING +0 kite shield.
  9394 | D:9      | 9394 ||| READING scroll labelled ACLUESK XEEKIS.
  9395 | D:9      | 9395 ||| READING scroll labelled YMAKHL PUSE.
  9410 | D:10     | Entered Level 10 of the Dungeon
  9423 | D:10     | Noticed a two-headed ogre
  9424 | D:10     | 9424 ||| INVOKING Heroism.
  9429 | D:10     | Killed a two-headed ogre
  9482 | D:10     | 9482 ||| INVOKING Heroism.
  9488 | D:10     | Reached skill level 10 in Shields
  9650 | D:10     | Found a shadowy altar of Dithmenos.
  9727 | D:10     | Noticed a two-headed ogre
  9728 | D:10     | 9728 ||| Stepping ~*~*~tactically~*~*~ (stealth).
  9729 | D:10     | 9729 ||| INVOKING Heroism.
  9737 | D:10     | Killed a two-headed ogre
  9970 | D:10     | Found a blossoming altar of Fedhas.
  9971 | D:10     | Found a hide-covered altar of Uskayaw.
  9982 | D:10     | Reached skill level 11 in Shields
  9986 | D:10     | 9986 ||| INVOKING Heroism.
 10059 | D:10     | Found a burning altar of Makhleb.
 10151 | D:10     | Reached **** piety under Okawaru
 10209 | D:10     | Found an ancient bone altar of Kikubaaqudgha.
 10246 | D:10     | Reached skill level 12 in Shields
 10483 | D:10     | 10483 ||| UPGRADING to amulet of regeneration.
 10524 | D:11     | 10524 ||| Stepping ~*~*~tactically~*~*~ (stealth).
 10525 | D:11     | 10525 ||| Stepping ~*~*~tactically~*~*~ (stealth).
 10527 | D:11     | 10527 ||| Stepping ~*~*~tactically~*~*~ (hiding).
 10558 | D:11     | 10558 ||| Stepping ~*~*~tactically~*~*~ (hiding).
 10560 | D:11     | 10560 ||| Stepping randomly (disturbance).
 10560 | D:11     | Found a staircase to the Lair.
 10561 | D:11     | 10561 ||| INVOKING Heroism.
 10577 | D:11     | Reached skill level 6 in Invocations
 10587 | D:11     | Noticed a deep elf pyromancer
 10600 | D:11     | Killed a deep elf pyromancer
 10603 | D:11     | Reached XP level 12. HP: 66/73 MP: 16/16
 10625 | D:11     | Reached ***** piety under Okawaru
 10632 | D:11     | Found a portal to a secret trove of treasure.
 10748 | D:11     | Noticed Grum
 10749 | D:11     | 10749 ||| INVOKING Heroism.
 10750 | D:11     | 10750 ||| INVOKING Finesse.
 10765 | D:11     | Killed Grum
 10766 | D:11     | Reached skill level 13 in Shields
 10890 | D:11     | Noticed a boulder beetle
 10891 | D:11     | 10891 ||| INVOKING Heroism.
 10921 | D:11     | Killed a boulder beetle
 10996 | D:11     | 10996 ||| DRINKING 2 emerald potions.
 10997 | D:11     | 10997 ||| Stepping randomly (disturbance).
 11000 | D:11     | 11000 ||| Stepping randomly (disturbance).
 11001 | D:11     | 11001 ||| Stepping randomly (disturbance).
 11038 | D:11     | 11038 ||| Stepping ~*~*~tactically~*~*~ (hiding).
 11536 | D:11     | 11536 ||| Stepping randomly (disturbance).
 11537 | D:11     | 11537 ||| Stepping randomly (disturbance).
 11538 | D:11     | 11538 ||| Stepping randomly (disturbance).
 11539 | D:11     | 11539 ||| Stepping randomly (disturbance).
 11543 | D:11     | 11543 ||| READING scroll labelled PEABUTI XIRIECK.
 11543 | D:11     | Identified a scroll of acquirement
 11543 | D:11     | 11543 ||| ACQUIRING ring "Paludane" {rPois MP-9 Str+6 Int-2
                  | Dex+6}
 11543 | D:11     | Acquired the ring "Paludane" {rPois MP-9 Str+6 Int-2 Dex+6}
 11544 | D:11     | 11544 ||| Stepping randomly (disturbance).
 11689 | D:11     | 11689 ||| PLANNING LAIR
 11689 | D:11     | 11689 ||| UPGRADING to ring "Paludane" {rPois MP-9 Str+6
                  | Int-2 Dex+6}.
 11761 | Lair:1   | Entered Level 1 of the Lair of Beasts
 12067 | Lair:1   | 12067 ||| Stepping ~*~*~tactically~*~*~ (stealth).
 12187 | Lair:1   | 12187 ||| INVOKING Heroism.
 12194 | Lair:1   | Received a gift from Okawaru
 12195 | Lair:1   | Reached skill level 3 in Dodging
 12314 | Lair:1   | 12314 ||| INVOKING Heroism.
 12411 | Lair:1   | 12411 ||| UPGRADING to +4 ring of protection.
 12412 | Lair:1   | 12412 ||| DROPPING ring of wizardry.
 12413 | Lair:1   | 12413 ||| READING scroll labelled EDUAFE WIOCHES.
 12470 | Lair:2   | Reached skill level 9 in Invocations
 12589 | Lair:2   | 12589 ||| INVOKING Heroism.
 12691 | Lair:2   | 12691 ||| INVOKING Heroism.
 12846 | Lair:2   | Found a staircase to the Shoals.
 12888 | Lair:2   | 12888 ||| INVOKING Heroism.
 12972 | Lair:2   | 12972 ||| Stepping ~*~*~tactically~*~*~ (stealth).
 13095 | Lair:2   | 13095 ||| INVOKING Heroism.
 13584 | Lair:3   | Noticed a boulder beetle
 13585 | Lair:3   | 13585 ||| INVOKING Heroism.
 13598 | Lair:3   | Killed a boulder beetle
 13599 | Lair:3   | Reached XP level 13. HP: 78/78 MP: 9/20
 13676 | Lair:3   | Found a hole to the Spider Nest.
 14076 | Lair:4   | 14076 ||| STAIRDANCE
 14179 | Lair:4   | Reached skill level 9 in Fighting
 14214 | Lair:4   | 14214 ||| INVOKING Heroism.
 14215 | Lair:4   | 14215 ||| Stepping ~*~*~tactically~*~*~ (stealth).
 14224 | Lair:4   | 14224 ||| Stepping ~*~*~tactically~*~*~ (stealth).
 14240 | Lair:4   | Reached skill level 14 in Shields
 14483 | Lair:4   | 14483 ||| INVOKING Heroism.
 14581 | Lair:4   | 14581 ||| INVOKING Heroism.
 14696 | Lair:4   | 14696 ||| INVOKING Heroism.
 14923 | Lair:5   | Entered Level 5 of the Lair of Beasts
 14959 | Lair:5   | Found a viscous altar of Jiyva.
 14960 | Lair:5   | Found a staircase to the Slime Pits.
 14988 | Lair:5   | Received a gift from Okawaru
 14989 | Lair:5   | Reached skill level 12 in Axes
 15019 | Lair:5   | Identified the +0 pair of gloves of Benulyab {*Corrode
                  | +Blink rElec rN+} (Okawaru gifted it to you on level 5 of
                  | the Lair of Beasts)
 15019 | Lair:5   | Received a gift from Okawaru
 15083 | Lair:5   | 15083 ||| INVOKING Heroism.
 15102 | Lair:5   | 15102 ||| READING scroll of enchant armour.
 15102 | Lair:5   | 15102 ||| ENCHANTING +1 pair of gloves.
 15112 | Lair:5   | 15112 ||| INVOKING Heroism.
 15140 | Lair:5   | 15140 ||| Stepping ~*~*~tactically~*~*~ (stealth).
 15159 | Lair:5   | 15159 ||| INVOKING Heroism.
 15196 | Lair:5   | 15196 ||| Stepping ~*~*~tactically~*~*~ (stealth).
 15197 | Lair:5   | 15197 ||| Stepping ~*~*~tactically~*~*~ (stealth).
 15198 | Lair:5   | 15198 ||| Stepping ~*~*~tactically~*~*~ (stealth).
 15200 | Lair:5   | 15200 ||| Stepping ~*~*~tactically~*~*~ (stealth).
 15213 | Lair:5   | 15213 ||| INVOKING Heroism.
 15265 | Lair:5   | 15265 ||| INVOKING Heroism.
 15295 | Lair:5   | Gained mutation: Your large and strong wings let you fly.
                  | [Gargoyle growth]
 15295 | Lair:5   | Reached XP level 14. HP: 88/88 MP: 12/21
 15370 | Lair:5   | 15370 ||| Stepping ~*~*~tactically~*~*~ (stealth).
 15404 | Lair:5   | 15404 ||| Stepping ~*~*~tactically~*~*~ (stealth).
 15405 | Lair:5   | 15405 ||| Stepping ~*~*~tactically~*~*~ (stealth).
 15424 | Lair:5   | 15424 ||| Stepping ~*~*~tactically~*~*~ (stealth).
 15429 | Lair:5   | 15429 ||| Stepping ~*~*~tactically~*~*~ (stealth).
 15430 | Lair:5   | 15430 ||| Stepping ~*~*~tactically~*~*~ (stealth).
 15607 | Lair:5   | 15607 ||| READING scroll of enchant weapon.
 15607 | Lair:5   | 15607 ||| ENCHANTING +1 broad axe.
 15666 | Lair:5   | 15666 ||| Stepping ~*~*~tactically~*~*~ (stealth).
 15793 | Lair:5   | Reached skill level 15 in Shields
 15828 | Lair:5   | 15828 ||| READING scroll of enchant weapon.
 15828 | Lair:5   | 15828 ||| ENCHANTING +2 broad axe.
 15891 | Lair:5   | 15891 ||| PLANNING D
 15891 | Lair:5   | 15891 ||| DROPPING +0 pair of gloves of Benulyab {*Corrode
                  | +Blink rElec rN+}.
 15892 | Lair:5   | 15892 ||| READING 7 scrolls of identify.
 15892 | Lair:5   | 15892 ||| IDENTIFYING bubbling puce potion
 16052 | D:12     | 16052 ||| Stepping ~*~*~tactically~*~*~ (stealth).
 16119 | D:12     | 16119 ||| Stepping ~*~*~tactically~*~*~ (hiding).
 16142 | D:12     | 16142 ||| Stepping ~*~*~tactically~*~*~ (stealth).
 16143 | D:12     | 16143 ||| Stepping ~*~*~tactically~*~*~ (hiding).
 16144 | D:12     | 16144 ||| Stepping ~*~*~tactically~*~*~ (hiding).
 16145 | D:12     | 16145 ||| Stepping ~*~*~tactically~*~*~ (hiding).
 16150 | D:12     | 16150 ||| INVOKING Heroism.
 16156 | D:12     | Reached skill level 9 in Armour
 16605 | D:12     | 16605 ||| DROPPING +6 ring of dexterity.
 16748 | D:13     | Found Qeniukka's Assorted Antiques.
 16758 | D:13     | 16758 ||| BUYING notched granite ring (145 gold).
 16758 | D:13     | Bought a notched granite ring for 145 gold pieces
 16758 | D:13     | 16758 ||| BUYING potion of attraction (87 gold).
 16758 | D:13     | Bought a potion of attraction for 87 gold pieces
 16758 | D:13     | 16758 ||| BUYING scroll of enchant armour (217 gold).
 16758 | D:13     | Bought a scroll of enchant armour for 217 gold pieces
 16758 | D:13     | 16758 ||| BUYING scroll of identify (58 gold).
 16758 | D:13     | Bought a scroll of identify for 58 gold pieces
 16758 | D:13     | 16758 ||| BUYING scroll of teleportation (87 gold).
 16758 | D:13     | Bought a scroll of teleportation for 87 gold pieces
 16775 | D:13     | Identified the +0 pair of boots of Valour {Int+3 Dex+4}
                  | (Okawaru gifted it to you on level 13 of the Dungeon)
 16775 | D:13     | Received a gift from Okawaru
 16781 | D:13     | 16781 ||| READING scroll of enchant armour.
 16781 | D:13     | 16781 ||| ENCHANTING +0 helmet.
 16827 | D:13     | 16827 ||| INVOKING Heroism.
 16832 | D:13     | 16832 ||| Stepping ~*~*~tactically~*~*~ (hiding).
 16851 | D:13     | Found a gate to the Vaults.
 16913 | D:13     | 16913 ||| Stepping ~*~*~tactically~*~*~ (hiding).
 16916 | D:13     | 16916 ||| Stepping ~*~*~tactically~*~*~ (hiding).
 16918 | D:13     | 16918 ||| INVOKING Heroism.
 16919 | D:13     | 16919 ||| INVOKING Finesse.
 16939 | D:13     | 16939 ||| Stepping ~*~*~tactically~*~*~ (hiding).
 16943 | D:13     | 16943 ||| SWAPPING to +7 whip of Disharmony {flame, rN+
                  | Will+}.
 16951 | D:13     | 16951 ||| SWAPPING to +3 broad axe.
 17116 | D:13     | Found a blossoming altar of Fedhas.
 17117 | D:13     | 17117 ||| DROPPING +5 war axe.
 17120 | D:13     | 17120 ||| Stepping ~*~*~tactically~*~*~ (hiding).
 17122 | D:13     | 17122 ||| Stepping ~*~*~tactically~*~*~ (hiding).
 17124 | D:13     | 17124 ||| Stepping ~*~*~tactically~*~*~ (hiding).
 17126 | D:13     | 17126 ||| Stepping ~*~*~tactically~*~*~ (hiding).
 17248 | D:13     | 17248 ||| INVOKING Heroism.
 17249 | D:13     | 17249 ||| SWAPPING to +7 whip of Disharmony {flame, rN+
                  | Will+}.
 17250 | D:13     | 17250 ||| INVOKING Finesse.
 17257 | D:13     | 17257 ||| SWAPPING to +3 broad axe.
 17416 | D:13     | 17416 ||| Stepping ~*~*~tactically~*~*~ (stealth).
 17662 | D:13     | 17662 ||| Stepping ~*~*~tactically~*~*~ (stealth).
 17673 | D:13     | 17673 ||| INVOKING Heroism.
 17726 | D:13     | Reached XP level 15. HP: 77/94 MP: 13/22
 17790 | D:13     | 17790 ||| UPGRADING to +2 helmet.
 17800 | D:13     | 17800 ||| DROPPING +1 helmet.
 17945 | D:14     | 17945 ||| INVOKING Heroism.
 17946 | D:14     | 17946 ||| INVOKING Finesse.
 17952 | D:14     | 17952 ||| SWAPPING to +7 whip of Disharmony {flame, rN+
                  | Will+}.
 17959 | D:14     | 17959 ||| SWAPPING to +3 broad axe.
 18017 | D:14     | Identified the +0 ring mail of Jenercheg {Rampage rF-
                  | Dex+3}
 18068 | D:14     | Reached skill level 16 in Shields
 18118 | D:14     | Received a gift from Okawaru
 18240 | D:14     | 18240 ||| Stepping ~*~*~tactically~*~*~ (hiding).
 18241 | D:14     | 18241 ||| Stepping ~*~*~tactically~*~*~ (hiding).
 18358 | D:14     | 18358 ||| READING scroll of brand weapon.
 18358 | D:14     | 18358 ||| BRANDING +3 broad axe.
 18433 | D:14     | Reached skill level 3 in Throwing
 18474 | D:14     | 18474 ||| INVOKING Heroism.
 18549 | D:14     | 18549 ||| Stepping ~*~*~tactically~*~*~ (hiding).
 18563 | D:14     | Identified the +7 chain mail "Woyfen Hiaso" {+Inv rC- MP+9
                  | Int+6} (Okawaru gifted it to you on level 14 of the
                  | Dungeon)
 18563 | D:14     | Received a gift from Okawaru
 18820 | D:14     | 18820 ||| DROPPING +7 whip of Disharmony {flame, rN+
                  | Will+}.
 18821 | D:14     | 18821 ||| DROPPING +2 flail of holy wrath.
 18858 | D:15     | Entered Level 15 of the Dungeon
 18880 | D:15     | 18880 ||| Stepping ~*~*~tactically~*~*~ (stealth).
 18884 | D:15     | 18884 ||| Stepping ~*~*~tactically~*~*~ (stealth).
 18957 | D:15     | 18957 ||| INVOKING Heroism.
 19172 | D:15     | 19172 ||| Stepping ~*~*~tactically~*~*~ (hiding).
 19242 | D:15     | 19242 ||| INVOKING Heroism.
 19243 | D:15     | 19243 ||| INVOKING Finesse.
 19249 | D:15     | 19249 ||| SWAPPING to +0 morningstar.
 19258 | D:15     | 19258 ||| SWAPPING to +3 broad axe of protection.
 19357 | D:15     | 19357 ||| Stepping ~*~*~tactically~*~*~ (stealth).
 19405 | D:15     | 19405 ||| INVOKING Heroism.
 19431 | D:15     | Reached skill level 15 in Axes
 19470 | D:15     | Found a staircase to the Depths.
 19500 | D:15     | 19500 ||| INVOKING Heroism.
 19570 | D:15     | 19570 ||| INVOKING Heroism.
 19572 | D:15     | 19572 ||| READING 7 scrolls of teleportation.
 19746 | D:15     | 19746 ||| INVOKING Heroism.
 19834 | D:15     | 19834 ||| PLANNING ORC
 19834 | D:15     | 19834 ||| DROPPING +1 pair of gloves.
 20022 | Orc:1    | Entered Level 1 of the Orcish Mines
 20070 | Orc:1    | 20070 ||| Stepping ~*~*~tactically~*~*~ (stealth).
 20072 | Orc:1    | 20072 ||| Stepping ~*~*~tactically~*~*~ (stealth).
 20124 | Orc:2    | Entered Level 2 of the Orcish Mines
 20125 | Orc:2    | Noticed Donald
 20126 | Orc:2    | 20126 ||| INVOKING Heroism.
 20160 | Orc:2    | HP: 10/94 [Donald/+4 scimitar of holy wrath (26)]
 20161 | Orc:2    | 20161 ||| READING 6 scrolls of teleportation.
 20162 | Orc:2    | 20162 ||| DRINKING 7 potions of heal wounds.
 20164 | Orc:2    | Killed Donald
 20231 | Orc:2    | 20231 ||| Stepping ~*~*~tactically~*~*~ (stealth).
 20235 | Orc:2    | 20235 ||| Stepping ~*~*~tactically~*~*~ (stealth).
 20285 | Orc:2    | Found a staircase to the Elven Halls.
 20510 | Orc:2    | 20510 ||| Stepping ~*~*~tactically~*~*~ (stealth).
 20543 | Orc:2    | Noticed an orc warlord
 20544 | Orc:2    | 20544 ||| INVOKING Heroism.
 20561 | Orc:2    | HP: 21/94 [orc knight/+0 war axe (18)]
 20562 | Orc:2    | 20562 ||| READING 5 scrolls of teleportation.
 20563 | Orc:2    | 20563 ||| DRINKING 6 potions of heal wounds.
 20564 | Orc:2    | Slain by an orc warlord

Levels and vault maps discovered:
D:1:      lemuel_arrival_room, layout_basic, grunt_decor_clamped, st_stairs_4,
          nicolae_titane
D:2:      layout_rooms, shapermc_ecumenical_altar_rom_forum,
          kennysheep_small_spiral
D:3:      minmay_goblin_kobold_castle, layout_basic, zin_academy,
          nemelex_xobeh_ov_fountains_minmay, uniq_ijyb, uniq_grinder
D:4:      layout_basic, nicolae_ru_great_annihilating_truth, serial_shops,
          nicolae_stop_n_shop_2, due_unseen_surprise
D:5:      layout_basic, mainiacjoe_overflow_concentric_impassable,
          portal_sewer_entry_b, grunt_decor_resistance
D:6:      layout_loops_ring, gammafunk_temple_overflow_elements,
          minmay_temple_entry_large_hall, uniq_menkaure, uniq_edmund
D:7:      layout_loops_ring, lemuel_coloured_pillars_altar, gammafunk_ghost_icy
D:8:      layout_basic, enter_bailey_2, serial_shops, shop, minmay_fountain_box,
          chequers_serial_rivers_micro_e
D:9:      layout_roguey, david_orc_4, nrook_uturn, minmay_shop_mass,
          hangedman_decor_riveting
D:10:     layout_gridville, grunt_dithmenos_smoke,
          lemuel_mausoleum_altar_kikubaaqudgha,
          chequers_temple_overflow_statue_of_worship, minmay_misc_feat_rugged
D:11:     layout_long_grid, hellmonk_lair_entry_icy,
          nicolae_trove_entry_isolated, billiards_dpeg, uniq_grum
D:12:     layout_cave_pools
D:13:     wad_arrow_thing, layout_long_grid, grunt_vaults_entry_fortified,
          serial_shops, shop, fedhas_altar_1
D:14:     wad_river_or_something, layout_irregular_city
D:15:     grunt_enter_depths_magical_seal, layout_irregular_city, serial_glass,
          glass_columns_c, glass_columns_b, glass_columns_b, glass_columns_b,
          grunt_ministairs_4, pond
Temple:   nicolae_temple_two_arcs
Lair:1:   layout_concentric_octagons, grunt_megastairs_2, lemuel_fruit_tree
Lair:2:   layout_small_grid, shoals_dummy_entry
Lair:3:   layout_gridlike, hellmonk_spider_entry_life_and_decay,
          infiniplex_staircase_pool_2
Lair:4:   layout_layer_cave, st_stairs_5, serial_bayou_shore_a
Lair:5:   minmay_lair_end_frog_pond, layout_long_grid, slime_entry_1,
          serial_bayou_shore_b, grunt_megastairs_3
Orc:1:    layout_caves
Orc:2:    grunt_orc_community_town_hall, layout_diamond_mine,
          grunt_orc_community_big_house_2, grunt_orc_community_big_house_2,
          grunt_orc_community_house_2, grunt_orc_community_house_1,
          grunt_orc_community_house_2, grunt_orc_community_house_3,
          grunt_orc_community_house_1, mines4_lemuel, uniq_donald

Skill      XL: |  1  2  3  4  5  6  7  8  9 10 11 12 13 14 15 |
---------------+----------------------------------------------+-----
Axes           | 2 3 5 6 7 9 10 11 12 14 15 | 15.0
Shields        | 4 5 6 7 8 9 12 13 14 15 16 | 16.0
Dodging        | 1 2 3 4 5 |  5.0
Fighting       | 4 5 6 7 8 10 11 | 11.2
Armour         | 4 5 6 7 8 9 10 | 10.0
Throwing       | 1 2 4 |  4.9
Invocations    | 3 4 6 10 | 10.0

Action                     |  1- 3 |  4- 6 |  7- 9 | 10-12 | 13-15 || total
---------------------------+-------+-------+-------+-------+-------++-------
  Melee: War axe           |    51 |    91 |   359 |       |       ||   501
         Broad axe         |       |       |    85 |   485 |   936 ||  1506
         Whip              |       |       |       |       |    19 ||    19
         Morningstar       |       |       |       |       |     8 ||     8
  Throw: Boomerang         |       |       |    26 |    99 |   107 ||   232
         Javelin           |       |       |       |       |    13 ||    13
 Invoke: Heroism           |       |       |     1 |    20 |    24 ||    45
         Finesse           |       |       |       |     1 |     4 ||     5
    Use: Scroll            |     1 |     1 |    11 |     7 |     9 ||    29
         Potion            |       |     2 |     4 |     2 |     2 ||    10
   Stab: Paralysed         |       |       |     1 |       |       ||     1
         Distracted        |       |       |       |       |     1 ||     1
 Armour: Scale mail        |    14 |    38 |   116 |       |       ||   168
         Chain mail        |       |       |   100 |   294 |   376 ||   770
  Dodge: Dodged            |    15 |    36 |   111 |   116 |   251 ||   529
  Block: Buckler           |     6 |       |       |       |       ||     6
         Kite shield       |     5 |    36 |   212 |    76 |       ||   329
         Tower shield      |       |       |       |   310 |   863 ||  1173

Table legend:
 A = Non-vault XP
 B = Vault XP
 C = Vault XP percentage of total XP
 D = Non-vault monster count
 E = Vault monster count
 F = Vault count percentage of total count
                 A         B        C        D         E       F
            +---------+---------+-------+---------+---------+-------
      Total |   73175 |   48659 |  39.9 |     429 |     234 |  35.3
            +---------+---------+-------+---------+---------+-------
        D:1 |      48 |       6 |  11.1 |      14 |       4 |  22.2
        D:2 |      68 |       0 |   0.0 |      16 |       0 |   0.0
        D:3 |     183 |     479 |  72.4 |      24 |      63 |  72.4
        D:4 |     272 |       6 |   2.2 |      22 |       4 |  15.4
        D:5 |     756 |      45 |   5.6 |      14 |       7 |  33.3
        D:6 |     706 |     323 |  31.4 |      13 |       2 |  13.3
        D:7 |    1064 |       0 |   0.0 |      16 |       0 |   0.0
        D:8 |    1931 |       0 |   0.0 |      28 |       0 |   0.0
        D:9 |    2772 |     764 |  21.6 |      17 |      17 |  50.0
       D:10 |    3941 |    2474 |  38.6 |      11 |      12 |  52.2
       D:11 |    4094 |    2251 |  35.5 |      19 |      15 |  44.1
       D:12 |    5288 |       0 |   0.0 |      23 |       0 |   0.0
       D:13 |    7123 |   11247 |  61.2 |      20 |      20 |  50.0
       D:14 |    5748 |    6175 |  51.8 |      11 |       9 |  45.0
       D:15 |    9077 |    7394 |  44.9 |      21 |      17 |  44.7
     Lair:1 |    1981 |      93 |   4.5 |      12 |       1 |   7.7
     Lair:2 |    6541 |       0 |   0.0 |      27 |       0 |   0.0
     Lair:3 |    1324 |     670 |  33.6 |       4 |       3 |  42.9
     Lair:4 |    5574 |     886 |  13.7 |      21 |       2 |   8.7
     Lair:5 |   11191 |   12377 |  52.5 |      42 |      42 |  50.0
      Orc:1 |     993 |       0 |   0.0 |      13 |       0 |   0.0
      Orc:2 |    2500 |    3329 |  57.1 |      41 |      12 |  22.6
      Sewer |       0 |     140 | 100.0 |       0 |       4 | 100.0
            +---------+---------+-------+---------+---------+-------
